 Dungeon Crawl Stone Soup version 0.26-a0-658-gbdda728c12 (webtiles) character file.

Game seed: 12283338611186745144

33490 miket3c the Severer (level 13, -3/117 HPs)
             Began as a Minotaur Berserker on Oct 4, 2020.
             Was a High Priest of Trog.
             Slain by a ten-headed hydra (7 damage)
             ... on level 5 of the Lair of Beasts.
             The game lasted 00:47:49 (17663 turns).

miket3c the Severer (Minotaur Berserker)           Turns: 17663, Time: 00:47:51

Health: -3/117     AC: 25    Str: 26    XL:     13   Next: 37%
Magic:  12/12      EV:  9    Int:  4    God:    Trog [*****.]
Gold:   348        SH:  5    Dex: 11    Spells: 12/12 levels left

rFire    + . .     SeeInvis +   k - +9 executioner's axe (vorpal)
rCold    . . .     Faith    .   (shield currently unavailable)
rNeg     . . .     Spirit   .   p - +3 plate armour
rPois    .         Reflect  +   y - +1 hat
rElec    +         Harm     .   s - +0 cloak
rCorr    +         Rampage  .   m - +2 pair of gloves
MR       +....                  z - +0 pair of boots
Stlth    ..........             a - amulet of Jiure {Reflect +Inv rElec rF+ SH+5 SInv}
HPRegen  0.29/turn              B - ring of protection from magic
MPRegen  0.13/turn              J - ring of resist corrosion

@: berserk cooldown, slowed, very slow
A: retaliatory headbutt, horns 2
a: Berserk, Trog's Hand, Brothers in Arms, Renounce Religion, Evoke Invisibility


You were on level 5 of the Lair of Beasts.
You worshipped Trog.
Trog was extremely pleased with you.
You visited 3 branches of the dungeon, and saw 18 of its levels.

You collected 1094 gold pieces.
You spent 746 gold pieces at shops.

Inventory:

Hand Weapons
 k - a +9 vorpal executioner's axe (weapon)
 o - a +3 vorpal executioner's axe
 N - a +0 broad axe
 S - a +3 flail
 V - a +0 dire flail
Missiles
 c - 489 stones
 i - 100 poisoned darts
 I - 3 throwing nets
 L - 8 silver boomerangs
 O - 15 curare-tipped darts (quivered)
Armour
 m - a +2 pair of gloves (worn)
 p - a +3 plate armour (worn)
 s - a +0 cloak (worn)
 y - a +1 hat (worn)
 z - a +0 pair of boots (worn)
Jewellery
 a - the amulet of Jiure (around neck) {Reflect +Inv rElec rF+ SH+5 SInv}
   (You bought it in a shop on level 10 of the Dungeon)

   [amulet of reflection]

   It shields you and reflects attacks.
   It protects you from fire.
   It insulates you from electricity.
   It lets you see invisible.
   It lets you turn invisible.
   It affects your SH (+5).
 t - an uncursed ring of stealth
 v - an uncursed ring of positive energy
 w - the amulet "Yhoot" {Acrobat rElec MR+ MP+9}
   (You found it on level 4 of the Dungeon)

   [amulet of the acrobat]

   It helps you evade while moving and waiting.
   It insulates you from electricity.
   It affects your resistance to hostile enchantments.
   It affects your magic capacity (+9).
 B - a ring of protection from magic (left hand)
 F - an uncursed ring of protection from fire {unknown}
 G - an uncursed ring of fire {unknown}
 J - a ring of resist corrosion (right hand)
 W - an uncursed ring of stealth
Wands
 H - a wand of paralysis (11)
 Q - a wand of polymorph (6)
 R - a wand of iceblast (9)
 U - a wand of acid (11)
Scrolls
 b - 2 scrolls of fog {unknown}
 d - 17 scrolls of identify
 g - 9 scrolls of remove curse
 l - 2 scrolls of teleportation
 r - 3 scrolls of magic mapping
 u - 2 scrolls of fear
 C - 2 scrolls of immolation {unknown}
 D - a scroll of silence {unknown}
 E - a scroll of acquirement
 T - 6 scrolls of blinking
Potions
 e - 2 potions of haste {unknown}
 f - a potion of might {unknown}
 h - a potion of berserk rage {unknown}
 j - 3 potions of stabbing {unknown}
 n - 2 potions of heal wounds
 q - 5 potions of lignification {unknown}
 x - a potion of mutation {unknown}
 A - 3 potions of curing
 K - a potion of flight {unknown}
 M - 2 potions of invisibility
 P - 3 potions of degeneration {unknown}


   Skills:
 + Level 11.8 Fighting
 * Level 19.9(20.0) Axes
 + Level 2.6(13.7) Maces & Flails
 + Level 1.8 Throwing
 + Level 11.4 Armour
 + Level 4.3 Dodging
 + Level 1.7 Stealth


You had 12 spell levels left.
You didn't know any spells.
Your spell library was empty.

Dungeon Overview and Level Annotations

Branches:
Dungeon (12/15)            Temple (1/1) D:4            Lair (5/6) D:8
  Swamp (0/4) Lair:3       Spider (0/4) Lair:4          Orc (0/2) D:11
  Slime: Lair:5-6

Altars:
Elyvilon
Fedhas
Gozag
Okawaru

Shops:
D:10 =

Annotations:
D:6 1 runed translucent door, FTG82's ghost, novice GnFi
D:8 Lair
D:11 Orc Mines
Lair:3 Swamp
Lair:4 Spiders
Lair:5 exclusion: oklob plant


Innate Abilities, Weirdness & Mutations

You reflexively headbutt those who attack you in melee.
You have a pair of horns on your head.


Message History

You block the ten-headed hydra's attack.
You see here a blink frog skeleton.
There is a stone staircase leading up, spattered with blood here.
The ten-headed hydra bites you!
* * * LOW HITPOINT WARNING * * *
The ten-headed hydra bites you but does no damage.
The ten-headed hydra closely misses you.
The ten-headed hydra bites you but does no damage.
The ten-headed hydra bites you!
* * * LOW HITPOINT WARNING * * *
You block the ten-headed hydra's attack.
The ten-headed hydra bites you but does no damage. x4
The ten-headed hydra closely misses you.
The ten-headed hydra bites you but does no damage.
The ten-headed hydra bites you!
* * * LOW HITPOINT WARNING * * *
The ten-headed hydra bites you!
* * * LOW HITPOINT WARNING * * *
The ten-headed hydra bites you!
You die...

#.........P# (##
#..........# ....#
##........## ....# ..
#.........####...# #..
.###........#.#...####...
.............##...#.##...
.#.#........##......P#...
.........................
.........@D...............
##..####.###.............#
### ### ####....###...#
#.....# #...# #P..P##
#...D #....## #††.. #....#
#...# ##P..P.# #...#
#....P..#.†..


You could see a ten-headed hydra.

Vanquished Creatures
  Harold (D:7)
  5 hydras
  A two-headed ogre (D:10)
  4 death yaks (Lair:5)
  Nergalle (D:10)
  A cyclops (D:11)
  3 black mambas
  11 cane toads
  A centaur skeleton (D:10)
  A rime drake (Lair:1)
  Maggie (D:7)
  7 komodo dragons
  2 trolls (D:10)
  Grinder (D:3)
  2 polar bears
  22 blink frogs
  A meliai zombie (D:10)
  Sigmund (D:2)
  2 wraiths (D:11)
  2 basilisks (D:8)
  2 wyverns
  12 yaks
  Menkaure (D:7)
  A warg (D:11)
  A soldier ant (D:11)
  2 swamp worms (Lair:3)
  14 water moccasins
  4 orc warriors
  2 sky beasts (D:8)
  3 ice beasts
  A swamp drake (D:8)
  5 black bears
  17 wolves
  8 ogres
  2 phantoms
  6 centaurs
  Blork the orc (D:6)
  2 big kobolds
  13 bullfrogs
  A wyvern skeleton (D:7)
  A water moccasin skeleton (D:11)
  5 scorpions
  12 killer bees
  11 wights
  2 electric eels (Lair:3)
  7 howler monkeys
  A centaur zombie (D:5)
  A quasit (D:11)
  5 hounds
  2 jellies
  7 orc priests
  Crazy Yiuf (D:3)
  2 iguanas
  Terence (D:3)
  12 orc wizards
  11 worker ants
  A killer bee zombie (D:7)
  Robin (D:2)
  A howler monkey zombie (D:6)
  2 worker ant zombies
  A gnoll (D:3)
  A howler monkey skeleton (D:4)
  9 adders
  An ufetubus (D:7)
  An ooze (D:2)
  An adder skeleton (D:7)
  3 worms
  A dart slug (D:2)
  2 leopard geckos
  31 orcs
  7 bats
  4 giant cockroaches
  15 goblins
  5 hobgoblins
  17 jackals
  5 quokkas
  4 ball pythons
  6 frilled lizards
  15 kobolds
  A leopard gecko zombie (D:6)
  7 rats
391 creatures vanquished.

Vanquished Creatures (collateral kills)
  The ghost of Sweetruy1997 the Severer, a novice MiBe of Trog (D:9)
  A water moccasin (D:11)
  An orc warrior (D:11)
  An ogre (D:11)
4 creatures vanquished.

Vanquished Creatures (others)
  10 fungi
  27 plants
37 creatures vanquished.

Grand Total: 432 creatures vanquished

Notes
Turn   | Place    | Note
-------+----------+-------------------------------------------
     0 | D:1      | miket3c the Minotaur Berserker began the quest for the Orb.
     0 | D:1      | Reached XP level 1. HP: 19/19 MP: 0/0
   432 | D:1      | Reached XP level 2. HP: 27/27 MP: 1/1
   671 | D:1      | Reached ** piety under Trog
   834 | D:2      | Reached skill level 4 in Axes
   895 | D:2      | Noticed Sigmund
   910 | D:2      | Killed Sigmund
   910 | D:2      | Reached skill level 5 in Fighting
   910 | D:2      | Reached skill level 5 in Axes
   910 | D:2      | Reached XP level 3. HP: 19/36 MP: 2/2
   910 | D:2      | Reached XP level 4. HP: 22/42 MP: 3/3
   910 | D:2      | Reached XP level 5. HP: 25/48 MP: 4/4
  1670 | D:2      | Noticed Robin
  1682 | D:2      | Killed Robin
  2234 | D:3      | Reached skill level 1 in Stealth
  2277 | D:3      | Found an opulent altar of Gozag.
  2307 | D:3      | Reached *** piety under Trog
  2419 | D:3      | Noticed Grinder
  2420 | D:3      | Noticed Terence
  2424 | D:3      | Paralysed by Grinder for 5 turns
  2435 | D:3      | Killed Terence
  2435 | D:3      | Reached XP level 6. HP: 37/56 MP: 5/5
  2436 | D:3      | Killed Grinder
  2436 | D:3      | Reached skill level 6 in Axes
  2829 | D:3      | Found a runed translucent door.
  2830 | D:3      | Noticed Crazy Yiuf
  3070 | D:3      | Reached XP level 7. HP: 60/61 MP: 6/6
  3248 | D:3      | Killed Crazy Yiuf
  3387 | D:4      | Found a staircase to the Ecumenical Temple.
  3447 | D:4      | Reached skill level 7 in Axes
  3686 | D:4      | Got a scintillating brass amulet
  3741 | Temple   | Entered the Ecumenical Temple
  3748 | D:5      | Entered Level 5 of the Dungeon
  4015 | D:5      | Reached skill level 1 in Throwing
  4090 | D:5      | Reached skill level 8 in Axes
  4683 | D:6      | Reached XP level 8. HP: 70/70 MP: 7/7
  4836 | D:6      | Reached skill level 5 in Armour
  4923 | D:6      | Found a runed translucent door.
  4923 | D:6      | Noticed FTG82's ghost (novice GnFi)
  5082 | D:6      | Reached skill level 9 in Axes
  5787 | D:6      | Noticed Blork the orc
  5804 | D:6      | Killed Blork the orc
  6128 | D:6      | Identified the amulet "Yhoot" {Acrobat rElec MR+ MP+9} (You
                  | found it on level 4 of the Dungeon)
  6254 | D:7      | Noticed Maggie
  6302 | D:7      | Killed Maggie
  6425 | D:7      | Reached XP level 9. HP: 78/79 MP: 8/8
  6456 | D:7      | Reached skill level 10 in Axes
  6504 | D:7      | Noticed Harold
  6516 | D:7      | Reached **** piety under Trog
  6520 | D:7      | Killed Harold
  6520 | D:7      | Reached skill level 11 in Axes
  6581 | D:7      | Noticed Menkaure
  6585 | D:7      | Killed Menkaure
  7196 | D:8      | Reached skill level 12 in Axes
  7307 | D:8      | Reached XP level 10. HP: 85/88 MP: 9/9
  7494 | D:8      | Found a white marble altar of Elyvilon.
  7866 | D:8      | Reached ***** piety under Trog
  8054 | D:8      | Reached skill level 13 in Axes
  8258 | D:8      | Found a staircase to the Lair.
  8745 | D:8      | Identified 2 scrolls of acquirement
  8745 | D:8      | Acquired a +2 vorpal executioner's axe
  9083 | D:9      | Reached skill level 14 in Axes
  9648 | D:9      | Found a large runed translucent door.
  9648 | D:9      | Found a large runed translucent door.
  9648 | D:9      | Noticed Sweetruy1997's ghost (novice MiBe)
  9906 | D:9      | Killed Sweetruy1997's ghost
 10016 | D:9      | Identified the Incunabulum of Battle Magic
 10084 | D:10     | Entered Level 10 of the Dungeon
 10214 | D:10     | Reached XP level 11. HP: 95/97 MP: 10/10
 10255 | D:10     | Found Emeinum's Jewellery Boutique.
 10319 | D:10     | Noticed a two-headed ogre
 10326 | D:10     | Killed a two-headed ogre
 10326 | D:10     | Reached skill level 15 in Axes
 10557 | D:10     | Noticed Nergalle
 10565 | D:10     | Killed Nergalle
 10566 | D:10     | Reached skill level 10 in Armour
 11180 | D:11     | Found a staircase to the Orcish Mines.
 11490 | D:11     | Reached skill level 16 in Axes
 11516 | D:11     | Noticed an eight-headed hydra
 11528 | D:11     | Killed an eight-headed hydra
 11981 | Lair:1   | Entered Level 1 of the Lair of Beasts
 11987 | Lair:1   | Reached skill level 1 in Maces & Flails
 12385 | Lair:1   | Reached skill level 17 in Axes
 12427 | Lair:1   | Reached XP level 12. HP: 93/106 MP: 11/11
 12470 | Lair:1   | Reached skill level 10 in Fighting
 12571 | Lair:1   | Noticed a four-headed hydra
 12579 | Lair:1   | Killed a seven-headed hydra
 13554 | D:10     | Bought the amulet of Jiure {Reflect +Inv rElec rF+ SH+5
                  | SInv} for 746 gold pieces
 14045 | Lair:2   | Found an opulent altar of Gozag.
 14292 | Lair:2   | Got a heavily runed chain mail
 14293 | Lair:2   | Identified the +3 chain mail of Compression {Harm MR+
                  | Dex+4} (You found it on level 2 of the Lair of Beasts)
 14488 | Lair:3   | Reached skill level 18 in Axes
 14895 | Lair:3   | Received a gift from Trog
 15059 | Lair:3   | Found a staircase to the Swamp.
 15765 | Lair:4   | Noticed an eight-headed hydra
 15777 | Lair:4   | Killed an eight-headed hydra
 15889 | Lair:4   | Noticed a five-headed hydra
 15900 | Lair:4   | Killed a five-headed hydra
 16259 | Lair:4   | Found a blossoming altar of Fedhas.
 16315 | Lair:4   | Reached skill level 19 in Axes
 16558 | Lair:4   | Reached XP level 13. HP: 116/116 MP: 12/12
 16716 | Lair:4   | Found a hole to the Spider Nest.
 17663 | Lair:5   | HP: 4/117 [ten-headed hydra (11)]
 17663 | Lair:5   | Slain by a ten-headed hydra

Illustrated notes

Levels and vault maps discovered:
D:1:      dpeg_arrival_tiny_d, layout_loops_cross
D:2:      layout_basic, uniq_sigmund, uniq_robin
D:3:      layout_basic, st_stairs_9, grunt_gozag_statues, uniq_terence,
          uniq_grinder, uniq_crazy_yiuf_cottage
D:4:      layout_basic, minmay_temple_entry_drinking_statues
D:5:      layout_basic, nrook_campfire
D:6:      layout_basic, hellmonk_ghost_happy_afterlife, uniq_blork_the_orc
D:7:      layout_basic, nicolae_underground_beach, uniq_harold, uniq_menkaure,
          uniq_maggie
D:8:      layout_cave_pools, elyvilon_altar_5, erik_lair_dragon
D:9:      layout_long_grid, ebering_ghost_disaster_area
D:10:     layout_roguey, serial_shops, shop, kennysheep_doodads, uniq_nergalle
D:11:     layout_loops_ring, erik_orc_4, serial_glass, glass_columns_c,
          glass_columns_a
D:12:     layout_basic, ebering_ghost_reflecting_pool, serial_glass,
          glass_columns_a, glass_columns_b, glass_columns_a, glass_columns_b,
          chequers_serial_rivers_small_b
Temple:   minmay_crystal_snake_temple
Lair:1:   layout_gridlike, lemuel_another_geyser, grunt_megastairs_2
Lair:2:   layout_regular_city, gauntlet_entry_generic, basic_altar
Lair:3:   layout_regular_city, nicolae_swamp_entry_splash_gauntlet,
          st_stairs_11, serial_bayou_shore_a, serial_bayou_shore_b,
          lemuel_fruit_fields
Lair:4:   layout_layer_cave, nicolae_spider_entry_non_spiders, basic_altar,
          grunt_forest_small_clearing_treed
Lair:5:   layout_small_grid, dpeg_slime_entry_corner, minmay_lair_oklob_chamber

Skill      XL: |  1  2  3  4  5  6  7  8  9 10 11 12 |
---------------+-------------------------------------+-----
Fighting       | 4 5 6 7 8 9 11 | 11.8
Axes           | 5 6 8 9 12 14 17 19 | 19.9
Armour         | 3 4 7 8 9 10 11 | 11.4
Dodging        | 3 4 |  4.3
Stealth        | 1 |  1.7
Throwing       | 1 |  1.8
Maces & Flails | 2 |  2.6

Action                   |  1- 3 |  4- 6 |  7- 9 | 10-12 | 13-15 || total
-------------------------+-------+-------+-------+-------+-------++-------
Melee: Hand axe          |    55 |    78 |   359 |    45 |       ||   537
       Headbutt          |     5 |    18 |    81 |    95 |    10 ||   209
       Broad axe         |       |       |       |    62 |       ||    62
       Executioner's axe |       |       |       |   376 |    70 ||   446
       Flail             |       |       |       |     8 |       ||     8
       Dire flail        |       |       |       |    14 |       ||    14
Throw: Stone             |       |       |     9 |     4 |       ||    13
       Dart              |       |       |       |     2 |       ||     2
Invok: Berserk           |     1 |     1 |     4 |     6 |     1 ||    13
       Trog's Hand       |       |       |     2 |     8 |     1 ||    11
       Brothers in Arms  |       |       |       |     2 |     1 ||     3
  Use: Scroll            |       |       |     4 |    12 |     3 ||    19
       Potion            |       |       |       |     3 |       ||     3
 Stab: Sleeping          |     1 |     1 |       |       |       ||     2
Armor: Animal skin       |    12 |     2 |       |       |       ||    14
       Leather armour    |       |    12 |       |       |       ||    12
       Plate armour      |       |    14 |   173 |   368 |    82 ||   637
Dodge: Dodged            |    37 |    52 |   123 |   302 |    46 ||   560
Block: Other             |       |       |       |    34 |    25 ||    59

Table legend: (Time is in decaauts)
 A = Elapsed time spent in this place.
 B = Non-inter-level travel time spent in this place.
 C = Inter-level travel time spent in this place.
 D = Time resting spent in this place.
 E = Time spent auto-exploring this place.
 F = Levels seen in this place.
 G = Mean time per level.
                   A        B        C        D        E       F      G
               +--------+--------+--------+--------+--------+-----+--------+
         Total |  17810 |  16963 |    847 |   4367 |   9638 |  18 |  989.4 |
       Dungeon |  12378 |  11716 |    662 |   3142 |   6498 |  12 | 1031.5 |
        Temple |      1 |      1 |      0 |      0 |      0 |   1 |    1.0 |
          Lair |   5430 |   5245 |    185 |   1225 |   3140 |   5 | 1086.0 |
               +--------+--------+--------+--------+--------+-----+--------+

Top non-repeatable levels by time:
  Lair:4: 1683 daAuts
     D:9: 1636 daAuts
     D:8: 1624 daAuts
     D:6: 1585 daAuts
  Lair:1: 1410 daAuts
  Lair:3: 1347 daAuts
     D:2: 1234 daAuts
     D:3: 1158 daAuts
    D:11: 1098 daAuts
     D:1: 1016 daAuts
     D:5: 928 daAuts
     D:7: 887 daAuts
    D:10: 840 daAuts
  Lair:2: 759 daAuts
     D:4: 366 daAuts
